 Dungeon Crawl Stone Soup version 0.29-a0-1052-g6990b1bffc (webtiles) character file.

Game seed: 10626622878412467487

72 ytrimaz the Insei (level 4, -4/32 HPs)
             Began as a Demonspawn Transmuter on Aug 17, 2022.
             Killed from afar by an orc wizard (15 damage)
             ... with a puff of flame
             ... on level 3 of the Dungeon.
             The game lasted 00:02:06 (2429 turns).

ytrimaz the Insei (Demonspawn Transmuter)           Turns: 2429, Time: 00:02:06

Health: -4/32      AC:  2    Str: 10    XL:     4   Next: 7%
Magic:  7/7        EV: 12    Int: 16    God:
Gold:   851        SH:  0    Dex: 14    Spells: 1/7 levels left

rFire   . . .      SeeInvis .     - Unarmed
rCold   + . .      Faith    .   (no shield)
rNeg    . . .      Spirit   .   a - +0 robe
rPois   .          Reflect  .   (helmet currently unavailable)
rElec   .          Harm     .   (no cloak)
rCorr   .          Rampage  .   (no gloves)
Will    .....                   (boots currently unavailable)
Stlth   +.........              c - amulet of magic regeneration
HPRegen 0.10/turn               g - ring of protection from cold
MPRegen 0.50/turn               (no ring)

@: confused, appendages (expiring)
A: horns 2, talons 2, condensation shield, demonic touch 1
a: End Transformation


You were on level 3 of the Dungeon.
You had temporarily grown beastly horns and talons.
You visited 1 branch of the dungeon, and saw 3 of its levels.

You collected 851 gold pieces.

Inventory:

Armour
 a - a +0 robe (worn)
Jewellery
 c - an amulet of magic regeneration (around neck)
 g - a ring of protection from cold (left hand)
Scrolls
 d - a scroll of noise {unknown}
 e - a scroll of magic mapping
Potions
 b - 2 potions of lignification
 f - 2 potions of heal wounds
 h - 2 potions of attraction
 i - a potion of berserk rage {unknown}
 j - 2 potions of might {unknown}


   Skills:
 + Level 1.2 Fighting
 + Level 2.4 Dodging
 + Level 4.0 Unarmed Combat
 - Level 2.0 Spellcasting
 - Level 1.7 Transmutations


You had one spell level left.
You knew the following spells:

 Your Spells              Type           Power      Damage    Failure   Level
a - Beastly Appendage     Tmut           14%        N/A       10%         1
b - Wereblood             Tmut           7%         N/A       16%         2
c - Spider Form           Tmut/Pois      4%         N/A       41%         3

Your spell library contained the following spells:

 Spells                   Type           Power      Damage    Failure   Level
 Blink                    Tloc           2%         N/A       30%         2
 Lesser Beckoning         Tloc           1%         N/A       52%         3
 Ozocubu's Armour         Ice            1%         N/A       52%         3
 Ice Form                 Ice/Tmut       4%         N/A       82%         4
 Manifold Assault         Tloc           1%         N/A       99%         5
 Metabolic Englaciation   Hex/Ice        0%         N/A       99%         5
 Simulacrum               Ice/Necr       0%         N/A       100%        6


Dungeon Overview and Level Annotations

Branches:
Dungeon (3/15)

Altars:


Innate Abilities, Weirdness & Mutations

You have temporarily grown beastly horns and talons.
A meltable shield of frost defends you. (SH +0)
Your touch may inflict minor irresistible damage on your foes.


Message History

The orc misses you.
Unknown command.
You closely miss the orc.
The orc is lightly wounded.
You block the orc's attack.
You hit the orc.
You touch the orc.
You feel a bit better.
You kill the orc!
You grow a pair of large bovine horns.
Your feet morph into talons.
You howl as the wereblood boils in your veins!
Something hits you.
You hit something. You block something's attack.
You closely miss something. Your headbutt misses something.
Your primal bloodlust is almost over.
Something hits you.
You are too injured to fight recklessly!
You miss something.
You howl as the wereblood boils in your veins!
Something hits you.
You are too injured to fight recklessly!
You miss something. Your kick misses something. Your headbutt misses something.
Something hits you.
You barely miss something. You headbutt something. Something hits you.
You hit something. You claw something.
Your transformation is almost over.
You block something's attack.
You miss something. Your kick misses something. Your touch misses something.
Something completely misses you.
You barely miss something. Your touch misses something.
Your primal bloodlust has ended.
You hear some strange, mumbled words.
You are confused.
You hit something. Your kick misses something.
You hear some strange, mumbled words.
You are more confused.
You bump into the rock wall.
You hear some strange, mumbled words.
A puff of flame appears from out of thin air!
The puff of flame hits you!
Your condensation shield dissipates!
You die...

### ##.#########
#)#........# ##.#######.#
## ######.#### #.# ..
..........####.#####.####
.#####.#........@{......#
.#####.#..#########...#.#
........(.# .....#
.#####.##.# .......
........... .......
.########### ...#.<. .#
#....>. .+ ###o.. ##


There were no monsters in sight!

Vanquished Creatures
  3 adders (D:2)
  A dart slug (D:2)
  2 orcs (D:3)
  4 ball pythons (D:1)
  4 endoplasms
  2 giant cockroaches
  5 goblins
  5 hobgoblins
  3 kobolds (D:1)
  A quokka (D:2)
  5 bats
  3 frilled lizards
  2 rats (D:1)
40 creatures vanquished.

Notes
Turn   | Place    | Note
-------+----------+-------------------------------------------
     0 | D:1      | ytrimaz the Demonspawn Transmuter began the quest for the
                  | Orb.
     0 | D:1      | Reached XP level 1. HP: 15/15 MP: 3/3
   260 | D:1      | Reached skill level 3 in Unarmed Combat
   330 | D:1      | Gained mutation: Your touch may inflict minor irresistible
                  | damage on your foes. [demonic ancestry]
   330 | D:1      | Reached XP level 2. HP: 21/21 MP: 3/5
   604 | D:1      | Learned a level 2 spell: Wereblood
   869 | D:1      | Identified a scroll of acquirement
  1276 | D:2      | Reached XP level 3. HP: 24/26 MP: 6/6
  1593 | D:2      | Acquired 794 gold pieces
  1703 | D:2      | Identified the +6 chain mail "Rewkaunn" {+Inv rF+ Will+}
  1958 | D:2      | Reached skill level 4 in Unarmed Combat
  2127 | D:2      | Gained mutation: A meltable shield of frost defends you.
                  | (SH +0) [demonic ancestry]
  2127 | D:2      | Reached XP level 4. HP: 32/32 MP: 7/7
  2392 | D:3      | Learned a level 3 spell: Spider Form
  2429 | D:3      | Killed from afar by an orc wizard

Illustrated notes

Levels and vault maps discovered:
D:1:      lemuel_arrival_rhombus, layout_loops_ring
D:2:      minmay_wonky_spiral, layout_basic
D:3:      layout_loops_ring, pdpol_temple_overflow_zin_treasury_gozag_greed,
          hellmonk_ecumenical_altar_defaced_shrine, kennysheep_flooded_box

Skill      XL: |  1  2  3 |
---------------+----------+-----
Unarmed Combat | 3 4 |  4.0
Dodging        | 2 |  2.4
Fighting       | |  1.2
Spellcasting   | |  2.0
Transmutations | |  1.7

Action                   |  1- 3 |  4- 6 || total
-------------------------+-------+-------++-------
Melee: Unarmed           |    69 |    27 ||    96
       Headbutt          |     7 |     3 ||    10
       Kick              |    13 |     2 ||    15
       Touch             |     9 |     1 ||    10
 Cast: Beastly Appendage |    26 |     2 ||    28
       Wereblood         |       |     1 ||     1
  Use: Scroll            |     6 |     2 ||     8
 Stab: Sleeping          |     3 |       ||     3
Armor: Robe              |     7 |       ||     7
Dodge: Dodged            |    48 |     5 ||    53
Block: Other             |       |     8 ||     8

Table legend: (Time is in decaauts)
 A = Elapsed time spent in this place.
 B = Non-inter-level travel time spent in this place.
 C = Inter-level travel time spent in this place.
 D = Time resting spent in this place.
 E = Time spent auto-exploring this place.
 F = Levels seen in this place.
 G = Mean time per level.
                   A        B        C        D        E       F      G
               +--------+--------+--------+--------+--------+-----+--------+
         Total |   2422 |   2376 |     46 |    165 |   1868 |   3 |  807.3 |
       Dungeon |   2422 |   2376 |     46 |    165 |   1868 |   3 |  807.3 |
               +--------+--------+--------+--------+--------+-----+--------+

Top non-repeatable levels by time:
     D:1: 1236 daAuts
     D:2: 1025 daAuts
     D:3: 160 daAuts
